 Dungeon Crawl Stone Soup version 0.21.1-1-g345015fe64 (webtiles) character file.

22978 Jannitor the Covert (level 12, -10/65 HPs)
             Began as a Spriggan Berserker on May 27, 2018.
             Was an Elder of Trog.
             Killed from afar by a gargoyle (18 damage)
             ... with a stone arrow
             ... on level 13 of the Dungeon.
             The game lasted 00:21:39 (14176 turns).

Jannitor the Covert (Spriggan Berserker)           Turns: 14176, Time: 00:21:39

Health: -10/65     AC:  7    Str: 17    XL:     12   Next: 67%
Magic:  13/13      EV: 30    Int:  8    God:    Trog [****..]
Gold:   485        SH:  0    Dex: 17    Spells: 11/11 levels left

rFire    x . .     SeeInvis +   N - +5 rapier (venom)
rCold    + . .     Gourm    .   (shield restricted)
rNeg     . . .     Faith    .   b - +0 animal skin
rPois    +         Spirit   .   (helmet restricted)
rElec    +         Reflect  .   z - +1 cloak
rCorr    .         Harm     .   (gloves unavailable)
MR       ++...                  (boots unavailable)
Stlth    ++++++....             (no amulet)
HPRegen  0.20/turn              m - ring "Qaiba" {Ice rElec rPois}
MPRegen  0.13/turn              E - +3 ring of protection

@: very quick
A: very small, unfitting armour, see invisible, herbivore, speed 3, slow
metabolism 2
a: Berserk, Trog's Hand, Brothers in Arms, Burn Spellbooks, Renounce Religion


You were on level 13 of the Dungeon.
You worshipped Trog.
Trog was greatly pleased with you.
You were near starving.

You visited 1 branch of the dungeon, and saw 13 of its levels.
You also visited: Bailey.

You collected 779 gold pieces.
You spent 294 gold pieces at shops.

Inventory:

Hand Weapons
 a - a +0 short sword
 f - a +2 short sword of protection
 t - a +0 dagger of holy wrath
 A - the +8 short sword of the Sneaky Coins {flame, *Noise rPois rF+ Int+4}
   (You found it on level 9 of the Dungeon)

   It has been specially enchanted to burn those struck by it, causing extra
   injury to most foes and up to half again as much damage against particularly
   susceptible opponents.
   It affects your intelligence (+4).
   It protects you from fire.
   It protects you from poison.
   It may make noises in combat.
 H - a +1 dagger of venom
 K - a +4 short sword of flaming
 N - a +5 rapier of venom (weapon)
Missiles
 j - 16 needles of confusion
 l - 61 poisoned needles
 o - 3 throwing nets (quivered)
 p - 7 needles of sleeping
 F - 5 tomahawks of dispersal
Armour
 b - a +0 animal skin (worn)
 z - a +1 cloak (worn)
Jewellery
 h - an uncursed ring of magical power
 m - the ring "Qaiba" (left hand) {Ice rElec rPois}
   (You found it on level 4 of the Dungeon)

   [ring of ice]

   It enhances your ice magic.
   It makes you vulnerable to fire.
   It protects you from cold.
   It insulates you from electricity.
   It protects you from poison.
 B - an uncursed ring of magical power
 E - a +3 ring of protection (right hand)
 I - an uncursed ring of magical power
 L - an uncursed amulet of magic regeneration {unknown}
Wands
 v - a wand of random effects (25)
 x - a wand of scattershot (3)
 C - a wand of digging (16)
Scrolls
 g - 3 scrolls of enchant weapon
 i - 8 scrolls of identify
 k - 7 scrolls of teleportation
 y - 3 scrolls of remove curse
 D - 2 scrolls of fear
Potions
 d - 5 potions of heal wounds
 e - 3 potions of might
 n - 2 potions of resistance
 q - 3 potions of curing
 r - 2 potions of magic
 s - a potion of berserk rage
 u - 3 potions of brilliance
 w - a potion of flight {unknown}
 G - a potion of agility {unknown}
 M - a potion of degeneration {unknown}
Comestibles
 c - 5 rations


   Skills:
 + Level 8.7 Fighting
 + Level 11.1 Short Blades
 + Level 9.3 Throwing
 + Level 13.9 Dodging
 + Level 14.3 Stealth


You had 11 spell levels left.
You didn't know any spells.

Dungeon Overview and Level Annotations

Branches:
Dungeon (13/15)            Temple (0/1) D:7            Lair (0/6) D:11
 Vaults (0/5) D:13
    Orc: D:9-12

Altars:
Ashenzari
Dithmenos
Hepliaklqana
Kikubaaqudgha
Qazlal
Vehumet
Wu Jian
Xom
Yredelemnul
The Shining One

Shops:
D:9 =   D:10 =


Innate Abilities, Weirdness & Mutations

You are very small and have problems with some larger weapons.
You are too small for most types of armour.
You have supernaturally acute eyesight. (SInv)
You are a herbivore.
You cover ground extremely quickly.
You need consume almost no food.


Message History

You hit the gargoyle.
The gargoyle is lightly damaged.
You're too hungry.
You hit the gargoyle but do no damage.
The gargoyle is lightly damaged.
The gargoyle hurls a stone arrow at you.
The stone arrow hits you!
You hit the gargoyle but do no damage.
The gargoyle is lightly damaged.
You barely miss the gargoyle.
The gargoyle is lightly damaged.
The gargoyle hits you with a dire flail!
* * * LOW HITPOINT WARNING * * *
Your soldier ant closely misses the gargoyle.
The gargoyle hurls a stone arrow at you.
The stone arrow misses you.
Your soldier ant barely misses the gargoyle.
The gargoyle hurls a stone arrow at you.
The stone arrow hits you!
You die...

##.###.##8..8##.####.............
#.......######.....#.##########.#
#...###+# #'###...# #.# #..##
###...##..# #.# #..# #:##.#.#..#
#.# #..# #.#.##.#..# #.# ##.#
#.##.#.#..# #.# #.# #9.###.#..#
#.# #.## ####a..@##..# #.#
#..######..######...# #.#
##..................# #<#
#####.............## #.#
############### #.# #<# ###


You could see a gargoyle and a friendly soldier ant.

Vanquished Creatures
  An ogre mage (D:13)
  2 hydras
  Erica (D:9)
  3 two-headed ogres
  A centaur warrior (D:13)
  2 unseen horrors (D:13)
  An ugly thing (D:12)
  A manticore (D:13)
  Maurice (D:8)
  A cyclops (D:12)
  An ice devil (D:13)
  2 yaktaurs (D:13)
  A jumping spider (shapeshifter) (D:13)
  3 trolls
  3 slime creatures (D:12)
  A hornet (D:13)
  Prince Ribbit (D:8)
  3 hippogriffs
  A shadow (D:12)
  12 yaks
  3 wyverns
  A human (D:12)
  The ghost of flt the Sneak, an amateur NaEn (D:4)
  The ghost of flt the Sneak, an amateur NaEn (D:3)
  3 hogs (D:12)
  A hungry ghost (D:8)
  3 vampire mosquitoes (D:13)
  Duvessa (D:5)
  A porcupine (D:11)
  A hornet zombie (D:13)
  2 phantoms
  An eye of draining (D:12)
  3 orc warriors
  2 sky beasts (D:9)
  4 necrophages
  3 ice beasts
  7 ogres
  14 centaurs
  A boggart (D:13)
  2 crocodiles
  4 big kobolds
  4 bullfrogs
  A wyvern skeleton (D:11)
  Dowan (D:5)
  10 killer bees
  11 wights
  2 howler monkeys
  3 centaur zombies
  5 crimson imps
  A bullfrog zombie (D:5)
  2 human zombies (D:8)
  4 jellies
  4 orc priests
  2 centaur skeletons
  A gnoll shaman (D:7)
  6 hounds
  2 bullfrog skeletons
  Jessica (D:3)
  7 orc wizards
  3 human skeletons (D:8)
  9 iguanas
  9 worker ants
  Terence (D:3)
  A killer bee zombie (D:9)
  3 mummies (D:8)
  2 howler monkey zombies
  A howler monkey skeleton (D:9)
  8 gnolls
  6 adders
  2 adder skeletons
  3 adder zombies
  3 worms
  2 dart slugs
  4 leopard geckos
  33 orcs
  A bat skeleton (D:2)
  4 giant cockroaches
  9 goblins
  5 hobgoblins
  21 jackals
  19 kobolds
  8 quokkas
  2 ball pythons
  3 bats (D:2)
  6 frilled lizards
  A giant cockroach zombie (D:2)
  A quokka skeleton (D:2)
  3 rats
341 creatures vanquished.

Vanquished Creatures (collateral kills)
  An orc knight (D:13)
  An ice devil (D:13)
  A shadow (D:13)
  A wraith (D:13)
  An orc warrior (D:13)
  An ogre (D:13)
  2 big kobolds (D:13)
  An orc (D:13)
9 creatures vanquished.

Vanquished Creatures (others)
  6 fungi (D:11)
  3 plants (D:11)
9 creatures vanquished.

Grand Total: 359 creatures vanquished

Notes
Turn   | Place    | Note
-------+----------+-------------------------------------------
     0 | D:1      | Jannitor the Spriggan Berserker began the quest for the Orb.
     0 | D:1      | Reached XP level 1. HP: 11/11 MP: 2/2
   353 | D:1      | Reached skill level 1 in Stealth
   361 | D:1      | Reached XP level 2. HP: 8/16 MP: 3/3
  1577 | D:2      | Reached XP level 3. HP: 17/19 MP: 4/4
  1592 | D:2      | Reached skill level 5 in Dodging
  1592 | D:2      | Reached skill level 2 in Stealth
  1667 | D:2      | Found an ornate altar of the Wu Jian Council.
  1828 | D:2      | Reached ** piety under Trog
  1876 | D:2      | Reached XP level 4. HP: 24/24 MP: 5/5
  2137 | D:2      | Reached skill level 3 in Stealth
  2405 | D:3      | Noticed Terence
  2422 | D:3      | Killed Terence
  2478 | D:3      | Noticed flt's ghost (amateur NaEn)
  2509 | D:3      | Killed flt's ghost
  2509 | D:3      | Reached skill level 4 in Stealth
  2509 | D:3      | Reached XP level 5. HP: 28/28 MP: 6/6
  2621 | D:3      | Noticed Jessica
  2633 | D:3      | Killed Jessica
  2633 | D:3      | Reached XP level 6. HP: 30/32 MP: 7/7
  2655 | D:3      | Found a radiant altar of Vehumet.
  3257 | D:4      | Noticed flt's ghost (amateur NaEn)
  3280 | D:4      | Killed flt's ghost
  3280 | D:4      | Reached skill level 1 in Throwing
  3280 | D:4      | Reached skill level 5 in Stealth
  3313 | D:4      | Reached skill level 5 in Short Blades
  3656 | D:4      | Found a glowing golden altar of the Shining One.
  3676 | D:4      | Reached XP level 7. HP: 37/37 MP: 8/8
  3683 | D:4      | Got a glittering bone ring
  3684 | D:4      | Identified the ring "Qaiba" {Ice rElec rPois} (You found it on level 4 of the Dungeon)
  4018 | D:5      | Entered Level 5 of the Dungeon
  4027 | D:5      | Reached *** piety under Trog
  4061 | D:5      | Found a shadowy altar of Dithmenos.
  4418 | D:5      | Reached skill level 6 in Stealth
  4702 | D:5      | Noticed Dowan
  4751 | D:5      | Killed Dowan
  4763 | D:5      | Noticed Duvessa
  4774 | D:5      | Killed Duvessa
  4774 | D:5      | Reached XP level 8. HP: 42/42 MP: 9/9
  5225 | D:6      | Found a hazy altar of Hepliaklqana.
  5748 | D:6      | Reached skill level 7 in Stealth
  6327 | D:7      | Reached **** piety under Trog
  6349 | D:7      | Reached skill level 5 in Fighting
  6349 | D:7      | Reached skill level 8 in Stealth
  6618 | D:7      | Reached XP level 9. HP: 47/47 MP: 10/10
  6937 | D:7      | Found a staircase to the Ecumenical Temple.
  7426 | D:8      | Noticed Prince Ribbit
  7466 | D:8      | Killed Prince Ribbit
  7466 | D:8      | Reached skill level 9 in Stealth
  7525 | D:8      | Noticed a two-headed ogre
  7526 | D:8      | Found an ancient bone altar of Kikubaaqudgha.
  7538 | D:8      | Killed a two-headed ogre
  7538 | D:8      | Reached skill level 5 in Throwing
  7714 | D:8      | Reached skill level 10 in Dodging
  8035 | D:8      | Reached skill level 10 in Stealth
  8110 | D:8      | Noticed a two-headed ogre
  8121 | D:8      | Reached XP level 10. HP: 53/53 MP: 11/11
  8122 | D:8      | Noticed Maurice
  8313 | D:8      | Found a shattered altar of Ashenzari.
  8313 | D:8      | Found a stormy altar of Qazlal.
  8314 | D:8      | Found a shimmering altar of Xom.
  8512 | D:8      | Killed Maurice
  8592 | D:8      | Found a basalt altar of Yredelemnul.
  9038 | D:9      | Got a fine short sword
  9039 | D:9      | Identified the +8 short sword of the Sneaky Coins {flame, *Noise rPois rF+ Int+4} (You found it on level 9 of the Dungeon)
  9101 | D:9      | Noticed Erica
  9118 | D:9      | Killed Erica
  9212 | D:9      | Reached skill level 11 in Stealth
  9879 | D:9      | Reached XP level 11. HP: 37/58 MP: 12/12
  9909 | D:9      | Found Noemavom's Jewellery Shoppe.
  9912 | D:9      | Bought a +3 ring of protection for 294 gold pieces
 10113 | D:10     | Entered Level 10 of the Dungeon
 10164 | D:10     | Received a gift from Trog
 10167 | D:10     | Noticed a two-headed ogre
 10513 | D:10     | Found Gaopn's Jewellery Shop.
 10585 | D:10     | Found a flagged portal.
 10590 | Bailey   | Entered a bailey
 10662 | D:10     | Noticed a two-headed ogre
 10999 | D:11     | Reached skill level 12 in Stealth
 11283 | D:11     | Reached ***** piety under Trog
 11296 | D:11     | Found a staircase to the Lair.
 11362 | D:11     | Noticed a two-headed ogre
 11366 | D:11     | Killed a two-headed ogre
 12037 | D:12     | Noticed a white ugly thing
 12042 | D:12     | Killed a white ugly thing
 12152 | D:12     | Reached skill level 10 in Short Blades
 12162 | D:12     | Noticed a five-headed hydra
 12343 | D:12     | Killed a five-headed hydra
 12343 | D:12     | Reached skill level 13 in Stealth
 12570 | D:12     | You fall through a shaft!
 12585 | D:13     | Noticed an unseen horror
 12585 | D:13     | Noticed a five-headed hydra
 12591 | D:13     | Killed an unseen horror
 12603 | D:13     | Killed a five-headed hydra
 12603 | D:13     | Reached XP level 12. HP: 27/64 MP: 13/13
 12996 | D:13     | Noticed a centaur warrior
 13011 | D:13     | Killed a centaur warrior
 13012 | D:13     | Received a gift from Trog
 13671 | D:13     | Noticed a two-headed ogre
 13671 | D:13     | Noticed an ogre mage
 13695 | D:13     | Killed an ogre mage
 13704 | D:13     | Reached skill level 14 in Stealth
 13721 | D:13     | Killed a two-headed ogre
 13782 | D:13     | Found a gate to the Vaults.
 13837 | D:13     | Identified a scroll of acquirement
 14176 | D:13     | Killed from afar by a gargoyle

Skill      XL: |  1  2  3  4  5  6  7  8  9 10 11 12 |
---------------+-------------------------------------+-----
Stealth        | 1 2 4 5 6 8 10 11 13 14 | 14.3
Dodging        | 5 6 7 8 10 11 13 | 13.9
Fighting       | 3 4 5 6 7 8 |  8.7
Short Blades   | 4 5 6 7 9 10 11 | 11.1
Throwing       | 1 2 4 5 7 8 9 |  9.3

Action                   |  1- 3 |  4- 6 |  7- 9 | 10-12 || total
-------------------------+-------+-------+-------+-------++-------
Melee: Short sword       |   118 |   186 |   454 |   744 ||  1502
       Dagger            |       |       |    24 |    34 ||    58
       Rapier            |       |       |       |    51 ||    51
Throw: Throwing net      |       |       |     1 |       ||     1
Invok: Berserk           |     3 |     3 |     9 |     5 ||    20
       Trog's Hand       |       |     3 |     1 |     6 ||    10
       Burn Spellbooks   |       |       |       |     1 ||     1
       Brothers in Arms  |       |       |       |     3 ||     3
Evoke: Wand              |       |       |     1 |     3 ||     4
       Sack of spiders   |       |       |       |     5 ||     5
  Use: Potion            |       |     2 |       |     1 ||     3
       Scroll            |       |     8 |     1 |    11 ||    20
 Stab: Sleeping          |     4 |     3 |    16 |    29 ||    52
       Distracted        |       |     1 |     3 |     2 ||     6
       Held in net/web   |       |       |     1 |       ||     1
  Eat: Ration            |     1 |     2 |     7 |     7 ||    17
Armor: Animal skin       |    19 |    17 |    40 |    27 ||   103
       Skin              |       |       |       |    53 ||    53
Dodge: Dodged            |    88 |   142 |   368 |   638 ||  1236
